 Dungeon Crawl Stone Soup version 0.18.1-48-g4cf74bf (webtiles) character file.

42 kosy22 the Caller (level 3, -3/19 HPs)
             Began as a Tengu Summoner on Aug 17, 2016.
             Killed from afar by a white imp (5 damage)
             ... with a puff of frost
             ... summoned by Natasha
             ... on level 2 of the Dungeon on Aug 18, 2016.
             The game lasted 00:10:10 (1785 turns).

kosy22 the Caller (Tengu Summoner)                  Turns: 1785, Time: 00:10:11

Health: -3/19      AC:  2    Str:  8    XL:     3   Next: 56%
Magic:  1/7        EV: 13    Int: 16    God:
Gold:   39         SH:  0    Dex: 14    Spells: 2 memorised, 4 levels left

rFire  . . .     SeeInvis .     (no weapon)
rCold  . . .     Gourm    .     a - +0 robe
rNeg   . . .     Faith    .     (no shield)
rPois  .         Spirit   .     (helmet restricted)
rElec  .         Dismiss  .     (no cloak)
rCorr  .         Reflect  .     (no gloves)
SustAt .         Harm     .     (boots unavailable)
MR     .....                    (no amulet)
Stlth  ++........               (no ring)
                                (no ring)

@: not resistant to hostile enchantments, unstealthy
A: beak, talons 3
a: no special abilities


You were on level 2 of the Dungeon.
You were not hungry.

You visited 1 branch of the dungeon, and saw 2 of its levels.

You collected 39 gold pieces.

Inventory:

Armour
 a - a +0 robe (worn)
Jewellery
 f - an uncursed ring of wizardry {unknown}
Scrolls
 c - a scroll of remove curse {unknown}
 d - a scroll of identify {unknown}
Potions
 e - a potion of degeneration {unknown}
 h - 2 potions of might {unknown}
Books
 b - a book of Callings

   Spells                             Type                      Level
   a - Summon Small Mammal            Summoning                    1
   b - Call Imp                       Summoning                    2
   c - Call Canine Familiar           Summoning                    3
   d - Summon Guardian Golem          Hexes/Summoning              3
   e - Summon Lightning Spire         Summoning/Air                4
   f - Summon Ice Beast               Ice/Summoning                4
Comestibles
 g - 2 chunks of flesh


   Skills:
 + Level 0.2 Fighting
 + Level 2.5 Dodging
 + Level 2.1 Stealth
 + Level 2.5 Spellcasting
 + Level 5.6 Summonings


You had 4 spell levels left.
You knew the following spells:

 Your Spells              Type           Power        Failure   Level  Hunger
a - Summon Small Mammal   Summ           ###.         1%          1    #......
b - Call Imp              Summ           ###.....     3%          2    ##.....


Dungeon Overview and Level Annotations

Branches:
Dungeon (2/15)

Altars:

Annotations:
D:2 Natasha


Innate Abilities, Weirdness & Mutations

You have a beak for a mouth.
You have claws for feet.


Message History

Casting: Call Imp
Confirm with . or Enter, or press ? or * to list all spells.
A beastly little devil appears in a puff of flame.
Your white imp misses the white imp.
The white imp closely misses your crimson imp.
Your crimson imp hits the white imp but does no damage.
Casting: Call Imp
Confirm with . or Enter, or press ? or * to list all spells.
Your white imp barely misses the white imp.
Your crimson imp barely misses the white imp.
Your crimson imp blinks!
Your white imp hits the white imp.
Your white imp freezes the white imp.
The white imp completely resists.
Your crimson imp hits the white imp.
Your quokka misses the white imp.
Your crimson imp misses Natasha.
Something claws your quokka!
Your quokka dies!
Your quokka's corpse disappears in a puff of smoke!
The white imp gestures at you. The puff of frost hits you!
You die...

#.# #.# #.# #.#
###.#### .. ......# .#
#.##.# ###..
#@...###.## .... #
####5.....# #...#
#.####.###### #.# .
.###....#.#########.###
........h55............
$......5.....5.####...#
####....#..........5..#
###########.##....##
#.....##....#


You could see a white imp.

Vanquished Creatures
  2 hobgoblins
2 creatures vanquished.

Vanquished Creatures (collateral kills)
  3 adders (D:2)
  2 oozes (D:1)
  A worm (D:2)
  A giant gecko (D:1)
  5 bats
  2 giant cockroaches (D:1)
  A goblin (D:1)
  3 hobgoblins (D:1)
  3 jackals (D:2)
  A giant newt (D:1)
  3 kobolds (D:1)
  4 rats
29 creatures vanquished.

Grand Total: 31 creatures vanquished

Notes
Turn   | Place    | Note
--------------------------------------------------------------
     0 | D:1      | kosy22 the Tengu Summoner began the quest for the Orb.
     0 | D:1      | Reached XP level 1. HP: 10/10 MP: 4/4
   100 | D:1      | Reached skill level 5 in Summonings
   289 | D:1      | Reached XP level 2. HP: 11/15 MP: 1/6
   297 | D:1      | Learned a level 2 spell: Call Imp
  1344 | D:2      | Reached XP level 3. HP: 15/19 MP: 0/7
  1757 | D:2      | Noticed Natasha
  1785 | D:2      | Killed from afar by a white imp

Skill      XL: |  1 |
---------------+----+-----
Summonings     | 5 |  5.6
Fighting       | |  0.2
Dodging        | |  2.5
Stealth        | |  2.1
Spellcasting   | |  2.5

Action                   || total
-------------------------++-------
Melee: Unarmed           ||    23
       Kick              ||     4
       Peck              ||     3
 Cast: Summon Small Mamm ||    34
       Call Imp          ||    21
  Use: Scroll            ||     4
  Eat: Bread ration      ||     1
Armor: Robe              ||    22
Dodge: Dodged            ||    67
